 Dungeon Crawl Stone Soup version 0.22-a0-558-gc2241811a9 (webtiles) character file.

1045 Gobser the Grappler (level 8, 82/82 HPs)
             Began as a Troll Monk on June 27, 2018.
             Was a Follower of Uskayaw.
             Starved to death
             ... while paralysed
             ... on level 5 of the Dungeon.
             The game lasted 00:14:56 (4204 turns).

Gobser the Grappler (Troll Monk)                    Turns: 4204, Time: 00:14:56

Health: 82/82      AC: 11    Str: 21    XL:     8   Next: 4%
Magic:  7/7        EV:  1    Int:  6    God:    Uskayaw [*.....]
Gold:   244        SH:  0    Dex: 16    Spells: 7/7 levels left

rFire    . . .     SeeInvis .     - Unarmed
rCold    . . .     Gourm    +   (no shield)
rNeg     . . .     Faith    .   a - +2 robe
rPois    .         Spirit   .   (helmet restricted)
rElec    .         Reflect  .   i - +2 cloak {+Inv}
rCorr    .         Harm     .   (gloves unavailable)
MR       .....                  (boots unavailable)
Stlth    ++........             (no amulet)
HPRegen  0.63/turn              k - +1 ring of protection
MPRegen  0.10/turn              j - +3 ring of dexterity

@: paralysed, fainting
A: large, unfitting armour, claws 3, hooves 1, fast metabolism 3, gourmand,
regeneration 1, robust 1, shaggy fur 1, tough skin 2
a: Stomp, Renounce Religion, Evoke Invisibility


You were on level 5 of the Dungeon.
You worshipped Uskayaw.
Uskayaw was noncommittal.
You were fainting.

You visited 1 branch of the dungeon, and saw 5 of its levels.

You collected 244 gold pieces.

Inventory:

Hand Weapons
 c - a +3 dagger of venom
 h - a +3 quarterstaff of chaos
 l - a +4 mace
Armour
 a - a +2 robe (worn)
 i - a +2 cloak of invisibility (worn)
Jewellery
 f - an uncursed ring of flight
 j - a +3 ring of dexterity (right claw)
 k - a +1 ring of protection (left claw)
Wands
 b - a wand of flame (5)
 v - a wand of enslavement (16)
Scrolls
 e - 3 scrolls of remove curse
 g - a scroll of magic mapping
 m - a scroll of amnesia
 o - a scroll of enchant weapon
 p - a scroll of teleportation
 q - 3 scrolls of identify
Potions
 d - a potion of brilliance
 n - a potion of curing {unknown}
 r - a potion of cancellation
 t - 2 potions of resistance


   Skills:
 * Level 3.5 Fighting
 * Level 4.1 Dodging
 - Level 1.3 Stealth
 * Level 8.3 Unarmed Combat


You had 7 spell levels left.
You didn't know any spells.
Your spell library was empty.

Dungeon Overview and Level Annotations

Branches:
Dungeon (5/15)             Temple (0/1) D:4

Altars:
Dithmenos
Fedhas
Makhleb
Nemelex Xobeh
Okawaru
Uskayaw
Yredelemnul

Shops:
D:4 [


Innate Abilities, Weirdness & Mutations

You are too large for most types of armour.
You have claws for hands.
Your metabolism is lightning-fast.
You like to eat raw meat.
Your natural rate of healing is unusually fast.
You are covered in fur. (AC +1)
You have very tough skin. (AC +2)
You have large cloven feet.
You are robust. (+10% HP)


Message History

There is a stone staircase leading up here.
You are starving!
You need to eat something NOW!
You are fainting from starvation!
You lose consciousness!
You can move again.
You aren't carrying any food.
There is an open door, spattered with blood here.
Things that are here:
11 stones; a hobgoblin skeleton
Things that are here:
6 stones; a goblin skeleton; a hobgoblin skeleton
There is an open door, spattered with blood here.
Things that are here:
11 stones; a hobgoblin skeleton You see here 2 stones.
Okay, then.
You lose consciousness!
You have starved to death.
You die...

############ #..........#
#.#####.##.# #.# #....#.# #.#
#.#.##.# ##.###.#.##.#
################## ............#
#.................
##.###..########@############....
#......#.#.#.##.# #..._
#####.##≈≈≈≈≈(#.# ##...
#....#_.....(((# #...
#.#####≈≈≈≈≈(###############.## #
#.# ##.#.#.##................ #
#.# ########.###########..## #
#.# #.#.###########..# # #.#
#.#..............#


There were no monsters in sight!

Vanquished Creatures
  Grinder (D:5)
  3 ogres (D:4)
  A scorpion (D:4)
  Crazy Yiuf (D:3)
  2 hounds
  A jelly (D:3)
  2 orc priests (D:4)
  An orc wizard (D:4)
  A bullfrog skeleton (D:5)
  Jessica (D:2)
  Natasha (thrice) (D:2)
  2 worker ants (D:4)
  3 adders
  A gnoll (D:1)
  3 shadow imps (D:5)
  2 worms (D:4)
  4 dart slugs
  3 leopard geckos
  6 orcs
  5 bats
  A giant cockroach (D:4)
  2 gnoll zombies (D:3)
  11 goblins
  10 hobgoblins
  2 jackals (D:4)
  6 kobolds
  A quokka (D:3)
  A ball python (D:3)
  4 frilled lizards
  A giant cockroach zombie (D:5)
  3 quokka skeletons (D:4)
  A quokka zombie (D:5)
  6 rats
95 creatures vanquished.

Notes
Turn   | Place    | Note
-------+----------+-------------------------------------------
     0 | D:1      | Gobser the Troll Monk began the quest for the Orb.
     0 | D:1      | Reached XP level 1. HP: 22/22 MP: 0/0
    81 | D:1      | Reached XP level 2. HP: 19/29 MP: 1/1
   162 | D:1      | Reached XP level 3. HP: 34/36 MP: 2/2
   765 | D:2      | Noticed Natasha
   771 | D:2      | Killed Natasha
   771 | D:2      | Reached skill level 4 in Unarmed Combat
   771 | D:2      | Reached XP level 4. HP: 36/44 MP: 3/3
   797 | D:2      | Found a blossoming altar of Fedhas.
   933 | D:2      | Noticed Natasha
   948 | D:2      | Killed Natasha
   993 | D:2      | Found a hide-covered altar of Uskayaw.
  1001 | D:2      | Became a worshipper of Uskayaw the Reveler
  1001 | D:2      | Reached * piety under Uskayaw
  1033 | D:2      | Found a burning altar of Makhleb.
  1037 | D:2      | Noticed Jessica
  1041 | D:2      | Killed Jessica
  1051 | D:2      | Noticed Natasha
  1059 | D:2      | Reached ** piety under Uskayaw
  1061 | D:2      | Killed Natasha
  1061 | D:2      | Reached XP level 5. HP: 46/52 MP: 4/4
  1500 | D:3      | Found a basalt altar of Yredelemnul.
  1532 | D:3      | Reached skill level 5 in Unarmed Combat
  1558 | D:3      | Gained mutation: You are robust. (+10% HP) [potion of mutation]
  1558 | D:3      | Gained mutation: You have large cloven feet. [potion of mutation]
  1846 | D:3      | Found a runed door.
  2066 | D:3      | Noticed Crazy Yiuf
  2129 | D:3      | Killed Crazy Yiuf
  2240 | D:4      | Found a staircase to the Ecumenical Temple.
  2277 | D:4      | Reached XP level 6. HP: 64/64 MP: 5/5
  2508 | D:4      | Reached skill level 6 in Unarmed Combat
  2538 | D:4      | Found Fihoo's Armour Shoppe.
  2570 | D:4      | Found a shadowy altar of Dithmenos.
  2843 | D:4      | Reached XP level 7. HP: 62/73 MP: 6/6
  2844 | D:4      | Reached *** piety under Uskayaw
  2848 | D:4      | Reached skill level 7 in Unarmed Combat
  2848 | D:4      | Reached **** piety under Uskayaw
  3482 | D:5      | Entered Level 5 of the Dungeon
  3721 | D:5      | Noticed Grinder
  3744 | D:5      | Paralysed by Grinder for 5 turns
  3757 | D:5      | Killed Grinder
  3757 | D:5      | Reached skill level 8 in Unarmed Combat
  3757 | D:5      | Reached XP level 8. HP: 73/82 MP: 7/7
  3788 | D:5      | Found a sparkling altar of Nemelex Xobeh.
  3814 | D:5      | Found an iron altar of Okawaru.
  4175 | D:5      | Paralysed by fainting for 5 turns
  4198 | D:5      | Paralysed by fainting for 7 turns
  4204 | D:5      | Starved to death

Vault maps used:
D:1:      nzn_arrival_settlement
D:2:      lemuel_doored_altar, old_standard_altar, old_standard_altar,
          uniq_natasha, uniq_jessica
D:3:      lemuel_zombie_altar_yredelemnul, uniq_crazy_yiuf_cottage
D:4:      lemuel_round_altar, minmay_temple_entry_statues_pillars, serial_shops,
          shop_fountains, hangedman_decor_opposing, minmay_joined_circles
D:5:      basic_altar, first_ration, okawaru_altar_gauntlet_db, uniq_grinder

Skill      XL: |  1  2  3  4  5  6  7 |
---------------+----------------------+-----
Unarmed Combat | 4 5 6 8 |  8.3
Dodging        | 3 4 |  4.1
Fighting       | 3 |  3.5
Stealth        | |  1.3

Action                   |  1- 3 |  4- 6 |  7- 9 || total
-------------------------+-------+-------+-------++-------
Melee: Unarmed           |    83 |   121 |    47 ||   251
       Kick              |       |    24 |    14 ||    38
       Punch             |       |     3 |     2 ||     5
  Use: Scroll            |     3 |    12 |     2 ||    17
       Potion            |     1 |     5 |     2 ||     8
 Stab: Sleeping          |     1 |     4 |       ||     5
       Paralysed         |       |       |     2 ||     2
  Eat: Ration            |     2 |     5 |     2 ||     9
       Chunk             |       |     1 |     1 ||     2
Armor: Robe              |    32 |    44 |    16 ||    92
Dodge: Dodged            |    43 |    72 |    27 ||   142

Table legend:
 A = Spawn XP
 B = Non-spawn XP
 C = Spawn XP percentage of total XP
 D = Spawn monster count
 E = Non-spawn monster count
 F = Spawn count percentage of total count
 G = Total turns spent on level
                    A         B        C        D         E        F      G
               +---------+---------+-------+---------+---------+-------+---------
         Total |       0 |    1494 |   0.0 |       0 |      95 |   0.0 |  4204
               +---------+---------+-------+---------+---------+-------+---------
           D:1 |       0 |      66 |   0.0 |       0 |      27 |   0.0 |   765
           D:2 |       0 |     152 |   0.0 |       0 |       8 |   0.0 |   735
           D:3 |       0 |     126 |   0.0 |       0 |      19 |   0.0 |   701
           D:4 |       0 |     704 |   0.0 |       0 |      25 |   0.0 |  1281
           D:5 |       0 |     446 |   0.0 |       0 |      16 |   0.0 |   722
               +---------+---------+-------+---------+---------+-------+---------
